 Dungeon Crawl Stone Soup version 0.31-a0-202-g547052bce9 (webtiles) character file.

Game seed: 10559410441243680656

31 qw the Shooter (level 3, 0/20 HPs)
             Began as a Deep Elf Hunter on June 26, 2023.
             Succumbed to their own poison gas
             ... on level 1 of the Dungeon.
             The game lasted 00:00:18 (365 turns).

qw the Shooter (Deep Elf Hunter)                     Turns: 365, Time: 00:00:19

Health: 0/20       AC:  5    Str: 10    XL:     3   Next: 7%
Magic:  5/5        EV: 11    Int: 13    God:
Gold:   30         SH:  0    Dex: 24    Spells: 2/2 levels left

rFire   . . .        Y - +0 shortbow
rCold   . . .        (shield currently unavailable)
rNeg    . . .        e - +0 ring mail
rPois   .            (no helmet)
rElec   .            (no cloak)
rCorr   .            (no gloves)
SInv    .            (no boots)
Will    .....        (no amulet)
Stlth   ++           h - +6 ring of dexterity
HPRegen 0.23/turn    (no ring)
MPRegen 0.09/turn

%: no passive effects
@: lethally poisoned (0 -> 0)
A: no striking features
a: no special abilities


You were on level 1 of the Dungeon.
You visited 1 branch of the dungeon, and saw 1 of its levels.

You collected 30 gold pieces.


   Skills:
 - Level 1.5 Fighting
 + Level 6.7 Ranged Weapons
 - Level 2.4 Dodging
 - Level 1.2 Stealth


You had 2 spell levels left.
You didn't know any spells.
Your spell library was empty.

Inventory:

Hand Weapons
 Y - a +0 shortbow (weapon)
Armour
 e - a +0 ring mail (worn)
Jewellery
 h - a +6 ring of dexterity (left hand)
Potions
 d - a potion of mutation {unknown}
 f - a potion of might {unknown}
 j - a potion of heal wounds {unknown}

Dungeon Overview and Level Annotations

Branches:
Dungeon (1/15)

Altars:

Shops:
D:1 *


Message History

As you read the scroll labelled GAMEANYKOD, it crumbles to dust.
The air around you briefly surges with heat, but it dissipates.
It was a scroll of immolation.
Done exploring.
356 ||| DROPPING scroll of butterflies.
You drop a scroll of butterflies.
Done exploring.
(D) Dungeon
Where to? (* - list waypoints, ? - help)
What level of the Dungeon? (default 1, ? - help) Sorry, I don't know how to get there.
Enter note:
Enter note:
Enter note:
Enter note:
Enter note:
Enter note:
Enter note:
Enter note:
Enter note: Really walk into that cloud of poison gas?
You are engulfed in poison gas.
You are poisoned.
You feel very sick.
358 ||| Stepping ~*~*~tactically~*~*~ (cloud).
You feel very sick.
Things that are here:
a scroll of butterflies; a +0 leather armour
There is a lethal amount of poison in your body!
You feel sick.
There is a lethal amount of poison in your body!
You feel sick.
There is a lethal amount of poison in your body!
You feel sick.
There is a lethal amount of poison in your body!
You feel sick.
There is a lethal amount of poison in your body!
You feel sick.
There is a lethal amount of poison in your body!
You feel sick.
There is a lethal amount of poison in your body!
You die...

##.......##.[......#
#####.....¤.##¤0000#####
# ##.....0.#0¤0¤.##### #
#.##...¤¤00¤00##### ##
#.......¤.¤000##### .#
#..######0.0¤0##### .#
#########0¤¤00#####
.######......#0000######
.....##......##0@0.#####
..##.##......###0¤¤#####
#..#..#......###0¤0#####
##.##..[.....####¤¤#####
#...............000...#
######......#...¤.0¤..#
#......#...¤0.¤¤.#
#......###########
########


There were no monsters in sight!

Vanquished Creatures
  A dart slug (D:1)
  6 bats (D:1)
  2 endoplasms (D:1)
  A giant cockroach (D:1)
  A goblin (D:1)
  4 hobgoblins (D:1)
  4 jackals (D:1)
  A kobold (D:1)
  A quokka (D:1)
  3 ball pythons (D:1)
  A frilled lizard (D:1)
  2 rats (D:1)
27 creatures vanquished.

Notes
Turn   | Place    | Note
-------+----------+-------------------------------------------
     0 | D:1      | qw the Deep Elf Hunter began the quest for the Orb.
     0 | D:1      | Reached XP level 1. HP: 12/12 MP: 3/3
     0 | D:1      | 0 ||| qw: Version: 0.3-a-22-g0ed2b0b
     0 | D:1      | 0 ||| qw: Game counter: 6017
     0 | D:1      | 0 ||| qw: Melee chars always use a shield: true
     0 | D:1      | 0 ||| qw: God list: Okawaru
     0 | D:1      | 0 ||| qw: Allow faded altars: false
     0 | D:1      | 0 ||| qw: Do Orc after clearing Dungeon:15 true
     0 | D:1      | 0 ||| qw: Do second Lair branch before Depths: true
     0 | D:1      | 0 ||| qw: Lair rune preference: random
     0 | D:1      | 0 ||| qw: Goals: Normal
     0 | D:1      | 0 ||| PLANNING D:1-11
    51 | D:1      | Found Wotaimm's Assorted Antiques.
    68 | D:1      | Reached skill level 6 in Ranged Weapons
    68 | D:1      | Reached XP level 2. HP: 16/16 MP: 4/4
    69 | D:1      | 69 ||| SHOPLISTING glowing onyx ring (125 gold, have 10).
    69 | D:1      | 69 ||| SHOPLISTING ring mail (100 gold, have 10).
    69 | D:1      | 69 ||| SHOPLISTING scroll labelled OTO OCEWADGHA (25 gold,
                  | have 10).
    69 | D:1      | 69 ||| SHOPLISTING yellow potion (22 gold, have 10).
   261 | D:1      | Reached XP level 3. HP: 20/20 MP: 5/5
   341 | D:1      | 341 ||| UPGRADING to +0 ring mail.
   351 | D:1      | 351 ||| DROPPING +0 leather armour.
   352 | D:1      | 352 ||| UPGRADING to +6 ring of dexterity.
   353 | D:1      | 353 ||| READING scroll labelled DUJAKA OROR.
   354 | D:1      | 354 ||| READING scroll labelled MIRRYONALAR.
   355 | D:1      | 355 ||| READING scroll labelled GAMEANYKOD.
   356 | D:1      | 356 ||| DROPPING scroll of butterflies.
   358 | D:1      | 358 ||| Stepping ~*~*~tactically~*~*~ (cloud).
   360 | D:1      | HP: 4/20 [poisoned by you (poison gas)]
   364 | D:1      | HP: 1/20 [poisoned by you (poison gas)]
   365 | D:1      | Succumbed to their own poison gas

Levels and vault maps discovered:
D:1:      mainiacjoe_arrival_reflecting_pool, layout_rooms, serial_shops,
          nicolae_shop_competitors_out_of_business

Skill      XL: |  1 |
---------------+----+-----
Ranged Weapons | 6 |  6.7
Fighting       | |  1.5
Dodging        | |  2.4
Stealth        | |  1.2

Action                     || total
---------------------------++-------
   Fire: Shortbow          ||    67
    Use: Scroll            ||     3
 Armour: Leather armour    ||     3
  Dodge: Dodged            ||     9

Table legend:
 A = Non-vault XP
 B = Vault XP
 C = Vault XP percentage of total XP
 D = Non-vault monster count
 E = Vault monster count
 F = Vault count percentage of total count
                 A         B        C        D         E       F
            +---------+---------+-------+---------+---------+-------
      Total |      45 |       0 |   0.0 |      27 |       0 |   0.0
            +---------+---------+-------+---------+---------+-------
        D:1 |      45 |       0 |   0.0 |      27 |       0 |   0.0
            +---------+---------+-------+---------+---------+-------
